AoeStats
← Cerrahpaşalı Metin

Arena

509703353Analyzed
4v4 RM · 5d ago on Sep 27, 2026· 37m 10s· 8 players
Game mode
Random Map
Map size
Large (8 player)
Population
200
Speed
Normal
Resources
Standard
Victory
Conquest
Starting age
Dark Age
Ending age
Imperial Age
RankedLock teamsTeams togetherTeam positionsShared explorationLock speedFull tech treeHidden civsTurbo modeCheats
Victory
Defeat
🇹🇷 Malay · Türkiye
982
+14
🇹🇷 Britons · Türkiye
982
+14
🇹🇷 Turks · Türkiye
957
+15
🇲🇾 Persians · Malaysia
906
+18
🇦🇷 Celts · Argentina
960
-16
🇹🇷 Wei · Türkiye
941
-15
🇪🇸 Aztecs · Spain
937
-15
🇹🇷 Byzantines · Türkiye
923
-15
SGTSanju
11:33 Feudal Age
13:17 Loom
16:29 Castle Age
16:39 Wheelbarrow
16:02 Double-Bit Axe
16:04 Horse Collar
20:04 Bow Saw
20:45 Stone Mining
21:54 Hand Cart
24:49 Heavy Plow
26:48 Stone Shaft Mining
29:02 Caravan
30:34 Gold Mining
33:49 Imperial Age
33:50 Forging
33:41 Scale Mail Armor
doktoryigitck
1:26 Loom
12:07 Feudal Age
13:15 Double-Bit Axe
13:48 Horse Collar
14:33 Stone Mining
17:50 Castle Age
16:50 Gold Mining
18:22 Town Watch
22:45 Gold Shaft Mining
23:49 Fervor
24:47 Bow Saw
26:19 Wheelbarrow
27:13 Heavy Plow
28:54 Pikeman
31:10 Forging
34:58 Imperial Age
32:48 Hand Cart
33:28 Husbandry
34:11 Fortified Wall
33:41 Treadmill Crane
34:16 Squires
35:05 Scale Mail Armor
36:13 Chain Mail Armor
36:03 Scale Barding Armor
36:35 Tuntian
Tonyukuk
12:23 Feudal Age
17:49 Castle Age
16:03 Double-Bit Axe
18:31 Horse Collar
18:43 Gold Mining
22:45 Loom
25:07 Wheelbarrow
24:48 Bow Saw
27:37 Heavy Plow
30:56 Scale Mail Armor
31:13 Forging
CheLoco3552
10:56 Feudal Age
15:22 Castle Age
14:17 Double-Bit Axe
15:08 Gold Mining
15:20 Man-at-Arms
19:03 Long Swordsman
19:29 Pikeman
22:04 Bow Saw
Cerrahpaşalı Halit
11:49 Feudal Age
18:31 Castle Age
21:01 Double-Bit Axe
25:37 Horse Collar
27:20 Fletching
27:31 Padded Archer Armor
27:51 Fortified Wall
29:06 Loom
32:45 Imperial Age
31:32 Ballistics
31:21 Treadmill Crane
32:04 Murder Holes
33:00 Bow Saw
33:12 Elite Longbowman
34:16 Leather Archer Armor
35:22 Yeomen
35:06 Bodkin Arrow
36:13 Bracer
38:11 Chemistry
Cerrahpaşalı Metin
0:25 Loom
10:02 Feudal Age
9:43 Double-Bit Axe
9:39 Horse Collar
18:12 Castle Age
17:38 Man-at-Arms
28:37 Husbandry
29:34 Elite Skirmisher
30:39 Fletching
35:21 Forging
35:11 Padded Archer Armor
35:07 Bodkin Arrow
35:17 Scale Barding Armor
Oguzhan06
11:31 Feudal Age
12:11 Double-Bit Axe
12:10 Horse Collar
16:20 Stone Mining
19:18 Castle Age
17:44 Stone Mining
20:21 Loom
21:14 Wheelbarrow
23:49 Bow Saw
27:00 Imperial Age
25:15 Gold Mining
25:28 Heavy Plow
25:40 Bow Saw
30:59 Two-Man Saw
33:01 Gold Shaft Mining
32:51 Padded Archer Armor
32:41 Fletching
33:02 Forging
37:00 Artillery
大大只
10:00 Feudal Age
11:21 Loom
15:27 Castle Age
14:02 Double-Bit Axe
16:34 Bow Saw
16:08 Horse Collar
17:19 Stone Mining
24:51 Heavy Plow
29:32 Imperial Age
29:40 Imperial Age
27:45 Wheelbarrow
27:00 Town Watch
28:01 Husbandry
28:11 Bloodlines
28:10 Scale Barding Armor
28:52 Forging
28:57 Bloodlines
31:10 Conscription
30:46 Elite War Elephant
31:52 Devotion
32:12 Hand Cart
33:10 Gold Mining
33:57 Stone Shaft Mining
33:48 Crossbowman
34:34 Thumb Ring
34:43 Kamandaran
35:40 Gold Shaft Mining
35:39 Crop Rotation
36:15 Chain Barding Armor
36:31 Iron Casting
37:03 Fletching
37:15 Padded Archer Armor
Connection lost

Rejoining the realm…

Still unreachable

The connection could not be restored.

Session expired

The server has moved on; the page needs a fresh start.